 Dungeon Crawl Stone Soup version 0.23-a0-389-g4a5eb33 (webtiles) character file.

22 sl00ts the Sneak (level 2, -2/14 HPs)
             Began as a Spriggan Assassin on Oct 30, 2018.
             Slain by a hobgoblin
             ... wielding a +0 club
              (3 damage)
             ... on level 1 of the Dungeon.
             The game lasted 00:01:57 (1584 turns).

sl00ts the Sneak (Spriggan Assassin)                Turns: 1584, Time: 00:01:58

Health: -2/14      AC:  3    Str:  7    XL:     2   Next: 68%
Magic:  3/3        EV: 18    Int: 12    God:
Gold:   81         SH:  0    Dex: 17    Spells: 1/1 levels left

rFire    . . .     SeeInvis +   a - +2 dagger
rCold    . . .     Gourm    .   (shield restricted)
rNeg     . . .     Faith    .   c - +0 robe
rPois    .         Spirit   .   (helmet restricted)
rElec    .         Reflect  .   d - +0 cloak
rCorr    .         Harm     .   (gloves unavailable)
MR       .....                  (boots unavailable)
Stlth    +++.......             (no amulet)
HPRegen  0.04/turn              (no ring)
MPRegen  0.08/turn              (no ring)

@: lethally poisoned (-2 -> -17), very quick
A: very small, unfitting armour, see invisible, herbivore, speed 3, slow
metabolism 2
a: no special abilities


You were on level 1 of the Dungeon.
You were not hungry.

You visited 1 branch of the dungeon, and saw 2 of its levels.

You collected 81 gold pieces.

Inventory:

Hand Weapons
 a - a +2 dagger (weapon)
 b - a +0 blowgun
Missiles
 e - 8 poisoned needles
 f - 2 curare-tipped needles
Armour
 c - a +0 robe (worn)
 d - a +0 cloak (worn)
Scrolls
 k - a scroll of magic mapping {unknown}
 m - a scroll of remove curse
 o - a scroll of enchant weapon {unknown}
 p - a scroll of fog {unknown}
Potions
 h - a potion of mutation {unknown}
 i - a potion of curing {unknown}
 j - a potion of agility {unknown}
 l - a potion of heal wounds {unknown}
 n - a potion of cancellation {unknown}
Comestibles
 g - 3 rations


   Skills:
 - Level 1.5 Fighting
 + Level 2.5 Short Blades
 - Level 2.0 Throwing
 * Level 2.8 Dodging
 * Level 6.4 Stealth


You had one spell level left.
You didn't know any spells.
Your spell library was empty.

Dungeon Overview and Level Annotations

Branches:
Dungeon (2/15)

Altars:


Innate Abilities, Weirdness & Mutations

You are very small and have problems with some larger weapons.
You are too small for most types of armour.
You have supernaturally acute eyesight. (SInv)
You are a herbivore.
You cover ground extremely quickly.
You need to consume almost no food.


Message History

The hobgoblin hits you with a +0 club. The goblin misses you.
You climb upwards.
You feel sick.
There is a stone staircase leading down here.
You hit the hobgoblin.
The hobgoblin is heavily wounded.
You feel sick. The bat misses you. The bat closely misses you.
The goblin hits you but does no damage.
You are more poisoned.
The hobgoblin hits you with a +0 club.
* * * LOW HITPOINT WARNING * * *
Unknown command.
Unknown command.
Unknown command.
Unknown command.
You are too injured to fight recklessly!
You hit the hobgoblin but do no damage.
The hobgoblin is heavily wounded.
The bat barely misses you. The bat completely misses you.
The goblin closely misses you. The hobgoblin hits you with a +0 club.
You die...

## #################.
#.................
#.##########....#. #.#
#.......[.
############b#######.........
#..........g@g...............
##.#################.........
#.# #......... #.# #.........
##.#### #........# #.....#
########## #####.# #.# #.#


You could see a hobgoblin, a goblin and a bat.

Vanquished Creatures
  An adder (D:1)
  A giant cockroach (D:1)
  A hobgoblin (D:1)
  4 kobolds (D:1)
  A frilled lizard (D:1)
  A goblin (D:1)
  4 rats (D:1)
13 creatures vanquished.

Notes
Turn   | Place    | Note
-------+----------+-------------------------------------------
     0 | D:1      | sl00ts the Spriggan Assassin began the quest for the Orb.
     0 | D:1      | Reached XP level 1. HP: 10/10 MP: 2/2
   425 | D:1      | Reached skill level 6 in Stealth
   874 | D:1      | Reached XP level 2. HP: 14/14 MP: 3/3
  1584 | D:1      | Slain by a hobgoblin

Vault maps used:
D:1:      dpeg_arrival_arbitrary_c
D:2:      fedhas_altar_1

Skill      XL: |  1 |
---------------+----+-----
Stealth        | 6 |  6.4
Dodging        | 2 |  2.8
Fighting       | |  1.5
Short Blades   | |  2.5
Throwing       | |  2.0

Action                   || total
-------------------------++-------
Melee: Dagger            ||    44
  Use: Scroll            ||     1
 Stab: Sleeping          ||     3
Armor: Robe              ||     5
Dodge: Dodged            ||    41

Table legend:
 A = Non-vault XP
 B = Vault XP
 C = Vault XP percentage of total XP
 D = Non-vault monster count
 E = Vault monster count
 F = Vault count percentage of total count
                 A         B        C        D         E       F
            +---------+---------+-------+---------+---------+-------
      Total |      32 |       0 |   0.0 |      13 |       0 |   0.0
            +---------+---------+-------+---------+---------+-------
        D:1 |      32 |       0 |   0.0 |      13 |       0 |   0.0
            +---------+---------+-------+---------+---------+-------
